 Dungeon Crawl Stone Soup version 0.19.1-1-g22dce08 (webtiles) character file.

104 empire the Chiller (level 4, 0/36 HPs)
             Began as a Draconian Ice Elementalist on Jan 18, 2017.
             Slain by an orc
             ... wielding a +0 trident
              (6 damage)
             ... on level 4 of the Dungeon on Jan 19, 2017.
             The game lasted 00:06:41 (2895 turns).

empire the Chiller (Draconian Ice Elementalist)     Turns: 2895, Time: 00:06:42

Health: 0/36       AC:  5    Str: 10    XL:     4   Next: 52%
Magic:  3/8        EV: 12    Int: 22    God:
Gold:   120        SH:  0    Dex: 11    Spells: 2 memorised, 4 levels left

rFire  . . .     SeeInvis .     b - +0 mace
rCold  . . .     Gourm    .     (armour unavailable)
rNeg   . . .     Faith    +     (no shield)
rPois  .         Spirit   .     (helmet restricted)
rElec  .         Reflect  .     (no cloak)
rCorr  .         Harm     .     (no gloves)
MR     .....                    (no boots)
Stlth  +.........               f - amulet of faith
                                (no ring)
                                (no ring)

@: brilliant, very slightly contaminated
A: unfitting armour, hooves 1, cold-blooded, AC +5
a: no special abilities


You were on level 4 of the Dungeon.
You were not hungry.

You visited 1 branch of the dungeon, and saw 4 of its levels.

You collected 120 gold pieces.

Inventory:

Hand Weapons
 a - a +0 short sword
 b - a +0 mace (weapon)
Armour
 i - a +0 shield
Jewellery
 f - an amulet of faith (around neck)
 n - an uncursed amulet of the gourmand {unknown}
Scrolls
 e - 2 scrolls of recharging {unknown}
 g - a scroll of immolation {unknown}
 k - a scroll of identify {unknown}
 l - a scroll of noise {unknown}
 m - a scroll of fear {unknown}
 p - a scroll of enchant weapon {unknown}
 s - a scroll of remove curse {unknown}
Potions
 j - a potion of berserk rage {unknown}
 q - a potion of flight {unknown}
Books
 h - a book of Frost

   Spells                             Type                      Level
   a - Freeze                         Ice                          1
   b - Throw Frost                    Conjuration/Ice              2
   c - Ozocubu's Armour               Charms/Ice                   3
   d - Throw Icicle                   Conjuration/Ice              4
   e - Summon Ice Beast               Ice/Summoning                4
Comestibles
 d - a chunk of flesh
 o - 2 meat rations
 r - 2 bread rations


   Skills:
 + Level 1.6 Fighting
 - Level 1.7 Dodging
 - Level 1.7 Stealth
 * Level 2.8 Spellcasting
   Level 1.0 Conjurations
 * Level 1.1 Charms
 * Level 4.1 Ice Magic


You had 4 spell levels left.
You knew the following spells:

 Your Spells              Type           Power        Failure   Level  Hunger
a - Freeze                Ice            ####         1%          1    None
b - Ozocubu's Armour      Chrm/Ice       ####....     1%          3    ###....


Dungeon Overview and Level Annotations

Branches:
Dungeon (4/15)
 Temple: D:4-7

Altars:

Annotations:
D:3 Paps's ghost, amateur KoAs


Innate Abilities, Weirdness & Mutations

Your plain brown scales are hard. (AC +5)
You cannot fit into any form of body armour.
You are cold-blooded and may be slowed by cold attacks.
You have large cloven feet.


Message History

The hound barely misses you.
Unknown command.
The hound closely misses you.
The hound stops to sniff the ground.
The hound bites you.
* * * LOW HITPOINT WARNING * * *
You feel clever all of a sudden. The hound bites you.
* * * LOW HITPOINT WARNING * * *
The orc barely misses you.
Casting: Ozocubu's Armour
Confirm with . or Enter, or press ? or * to list all spells.
Aiming: Freeze
Press: ? - help, Shift-Dir - straight line, f/p - hound
Aim: a hound (heavily wounded)
You freeze the hound.
The hound is heavily wounded.
The hound completely misses you.
The orc hits you from afar with a trident.
You die...

.#.#######.#
#.#
..#........#
#.#
.#..###.####
#.#
.#....#.#
#.#
.##.#.#.#
#.#
.##.....#
#.#
.####.###
#.# ## #.#
#.# #####.#
#@# ......#
##h##
#######
####..o###
..........#
#####...#.#
##.##.#
#.##.#
#.....
####..


You could see a hound and an orc.

Vanquished Creatures
  An iguana (D:4)
  An adder (D:4)
  An ooze (D:4)
  An adder skeleton (D:4)
  A dart slug (D:1)
  7 orcs
  A ball python (D:3)
  4 giant cockroaches
  5 hobgoblins (D:1)
  4 jackals (D:2)
  2 quokkas (D:2)
  5 bats (D:1)
  4 frilled lizards
  2 goblins (D:2)
  4 kobolds (D:1)
  6 rats
49 creatures vanquished.

Notes
Turn   | Place    | Note
-------+----------+-------------------------------------------
     0 | D:1      | empire the Draconian Ice Elementalist began the quest for the Orb.
     0 | D:1      | Reached XP level 1. HP: 14/14 MP: 3/3
   305 | D:1      | Reached XP level 2. HP: 15/22 MP: 0/5
   612 | D:1      | Reached skill level 1 in Fighting
   982 | D:1      | Reached XP level 3. HP: 28/28 MP: 6/6
  1863 | D:2      | Learned a level 3 spell: Ozocubu's Armour
  2019 | D:3      | Noticed Paps's ghost (amateur KoAs)
  2596 | D:4      | Gained mutation: You have large cloven feet. [potion of beneficial mutation]
  2597 | D:4      | Reached skill level 1 in Charms
  2597 | D:4      | Reached skill level 4 in Ice Magic
  2597 | D:4      | Reached XP level 4. HP: 6/36 MP: 0/8
  2895 | D:4      | Slain by an orc

Skill      XL: |  1  2  3 |
---------------+----------+-----
Fighting       | 1 |  1.6
Charms         | 1 |  1.1
Ice Magic      | 4 |  4.1
Dodging        | |  1.7
Stealth        | |  1.7
Spellcasting   | |  2.8
Conjurations   | |  1.0

Action                   |  1- 3 |  4- 6 || total
-------------------------+-------+-------++-------
Melee: Unarmed           |    49 |       ||    49
       Tailslap          |    10 |       ||    10
       Short sword       |    43 |       ||    43
       Mace              |    15 |    10 ||    25
       Kick              |       |     2 ||     2
 Cast: Freeze            |    53 |     8 ||    61
  Use: Potion            |     2 |     1 ||     3
 Stab: Sleeping          |     2 |       ||     2
  Eat: Chunk             |     6 |     1 ||     7
Armor: Skin              |    38 |     5 ||    43
Dodge: Dodged            |   118 |    20 ||   138
